 Dungeon Crawl Stone Soup version 0.31-a0-360-gb3e1d13bf4 (webtiles) character file.

Game seed: 15406577682041640517

131 LeprechaunX the Ruffian (level 5, 0/34 HPs)
             Began as an Octopode Shapeshifter on July 26, 2023.
             Slain by a gnoll
             ... wielding a +0 club
              (7 damage)
             ... on level 6 of the Dungeon.
             The game lasted 00:02:43 (2001 turns).

LeprechaunX the Ruffian (Octopode Shapeshifter)     Turns: 2001, Time: 00:02:43

Health: 0/34       AC:  1    Str: 16    XL:     5   Next: 14%
Magic:  5/5        EV: 13    Int: 11    God:
Gold:   149        SH:  0    Dex: 12    Spells: 4/4 levels left

rFire   . .          .
                       - Unarmed
rCold   . . .        (no shield)
rNeg    . . .        (helmet currently unavailable)
rPois   .            (no amulet)
rElec   .            (no ring)
rCorr   .            (no ring)
SInv    .            (no ring)
Will    .....        (no ring)
Stlth   ++           (no ring)
HPRegen 0.25/turn    (no ring)
MPRegen 0.09/turn    (no ring)
                     (no ring)

%: no passive effects
@: beast-form
A: beast (slay +2), almost no armour, amphibious, 8 rings, camouflage 1,
gelatinous body 1, (nimble swimmer 1), tentacles
a: Begin Untransformation


You were on level 6 of the Dungeon.
You were a hulking beast.
You visited 1 branch of the dungeon, and saw 4 of its levels.

You collected 149 gold pieces.

Inventory:

Hand Weapons
 k - a +0 sling
Missiles
 a - 6 poisoned darts (quivered)
Talismans
 b - a beast talisman
Scrolls
 c - a scroll of teleportation {unknown}
 f - a scroll of vulnerability {unknown}
 g - a scroll of enchant armour {unknown}
 h - 2 scrolls of poison {unknown}
 i - a scroll of silence {unknown}
Potions
 d - 2 potions of brilliance
 e - 4 potions of attraction {unknown}
 j - a potion of berserk rage {unknown}


   Skills:
 + Level 2.2 Fighting
 + Level 2.8 Dodging
 * Level 4.3 Unarmed Combat
 + Level 3.4 Shapeshifting


You had 4 spell levels left.
You didn't know any spells.
Your spell library contained the following spells:

 Spells                   Type           Power      Damage    Failure   Level
 Cigotuvi's Dreadful Rot  Necr/Pois/Air  0%         N/A       47%         2
 Dispel Undead            Necr           0%         3d6       98%         4
 Death Channel            Necr           0%         N/A       100%        6


Dungeon Overview and Level Annotations

Branches:
Dungeon (6/15)
 Temple: D:4-7

Altars:

Shops:
D:6 (

Annotations:
D:6 Edmund


Innate Abilities, Weirdness & Mutations

You are a hulking beast.
Your limbs bulge with bestial killing power. (Slay +2)
You cannot wear most types of armour.
You are amphibious.
You can wear up to eight rings at the same time.
Your skin changes colour to match your surroundings (Stealth+).
Your rubbery body absorbs attacks. (AC +1, EV +1)
((You are camouflaged when in or above water. (Stealth+)))
You have tentacles for arms and can constrict up to eight enemies at once.


Message History

The iguana hisses angrily.
The iguana attacks as you move away! The iguana closely misses you.
The iguana barely misses you. The iguana attacks as you move away!
The iguana barely misses you.
A steam dragon comes into view.
The steam dragon hisses angrily.
The iguana attacks as you move away! The iguana barely misses you.
The iguana attacks as you move away! The iguana closely misses you.
The iguana attacks as you move away! The iguana barely misses you.
The iguana attacks as you move away! The iguana bites you.
You tentacle-slap the iguana. Your grab misses the iguana.
Your squeeze misses the iguana.
The iguana is lightly wounded.
You tentacle-slap the iguana. You grab the iguana. You squeeze the iguana.
The iguana is severely wounded.
You constrict the iguana, but do no damage.
The iguana misses you.
You tentacle-slap the iguana. Your squeeze misses the iguana.
The iguana is almost dead.
You constrict the iguana. The iguana bites you!
You tentacle-slap the iguana.
You kill the iguana!
You have reached level 5!
You feel clever. 3 gnolls come into view.
Found Ewnu's Weapon Emporium.
The gnoll shouts! x3
The gnoll hits you with a +0 club.
You tentacle-slap the gnoll. You grab the gnoll.
The gnoll is moderately wounded.
You constrict the gnoll. The gnoll hits you with a +0 club. x2
You barely miss the gnoll. You squeeze the gnoll.
You kill the gnoll!
The gnoll hits you with a +0 club.
* * * LOW HITPOINT WARNING * * *
You bludgeon the gnoll! Your grab misses the gnoll.
You tentacle-slap the gnoll.
The gnoll is almost dead.
The gnoll hits you with a +0 club!
You die...

## ###. ##### ##...
#######...# #....
#.........# ##...
#.D###....# ##..
#h## ##...# ##.
#gg...##..# #..
#...∩.##..# ##.
......##..# ##.
..#####...# ##..
....###....#####...
...........#.##....
....................
.D..............


You could see a steam dragon and 2 gnolls.

Vanquished Creatures
  An iguana (D:6)
  Robin (D:2)
  3 adders (D:2)
  A gnoll (D:6)
  A worm (D:3)
  3 dart slugs
  2 endoplasms (D:1)
  3 giant cockroaches (D:1)
  12 goblins (D:2)
  5 hobgoblins
  A quokka (D:1)
  4 ball pythons (D:2)
  5 bats
  A frilled lizard (D:2)
  6 kobolds
  5 rats
54 creatures vanquished.

Notes
Turn   | Place    | Note
-------+----------+-------------------------------------------
     0 | D:1      | LeprechaunX the Octopode Shapeshifter began the quest for
                  | the Orb.
     0 | D:1      | Reached XP level 1. HP: 13/13 MP: 1/1
   273 | D:1      | Reached XP level 2. HP: 17/18 MP: 2/2
   721 | D:2      | Reached XP level 3. HP: 19/23 MP: 3/3
  1280 | D:2      | Noticed Robin
  1296 | D:2      | Reached XP level 4. HP: 17/29 MP: 4/4
  1334 | D:2      | Killed Robin
  1521 | D:2      | Reached skill level 4 in Unarmed Combat
  1949 | D:3      | You fall into a shaft and drop 3 floors!
  1953 | D:6      | Noticed Edmund
  1982 | D:6      | Noticed a steam dragon
  1998 | D:6      | Reached XP level 5. HP: 24/34 MP: 5/5
  1998 | D:6      | Found Ewnu's Weapon Emporium.
  2001 | D:6      | Slain by a gnoll

Illustrated notes

Levels and vault maps discovered:
D:1:      nicolae_arrival_memento_mori, layout_loops_ring
D:2:      layout_basic, kennysheep_minor_cross, uniq_robin
D:3:      layout_loops_cross
D:6:      layout_cave_pools, serial_gnoll_camp, gnoll_camp_mini_shop,
          gnoll_camp_huts_basic, gnoll_camp_mini_loothouse,
          gnoll_camp_mini_basic, uniq_edmund

Skill      XL: |  1  2  3  4 |
---------------+-------------+-----
Fighting       | 2 |  2.2
Unarmed Combat | 4 |  4.3
Dodging        | |  2.8
Shapeshifting  | |  3.4

Action                     |  1- 3 |  4- 6 || total
---------------------------+-------+-------++-------
  Melee: Unarmed           |    70 |    38 ||   108
         Constrict         |    16 |     6 ||    22
         Tentacles         |     8 |     4 ||    12
         Punch             |     2 |     2 ||     4
  Throw: Dart              |       |     1 ||     1
    Use: Potion            |     1 |     1 ||     2
   Stab: Sleeping          |     7 |     1 ||     8
 Armour: Skin              |    20 |    22 ||    42
  Dodge: Dodged            |    26 |    25 ||    51

Table legend: (Time is in decaauts)
 A = Elapsed time spent in this place.
 B = Non-inter-level travel time spent in this place.
 C = Inter-level travel time spent in this place.
 D = Time resting spent in this place.
 E = Time spent auto-exploring this place.
 F = Levels seen in this place.
 G = Mean time per level.
                   A        B        C        D        E       F      G
               +--------+--------+--------+--------+--------+-----+--------+
         Total |   1990 |   1919 |     71 |     98 |   1477 |   4 |  497.5 |
       Dungeon |   1990 |   1919 |     71 |     98 |   1477 |   4 |  497.5 |
               +--------+--------+--------+--------+--------+-----+--------+

Top non-repeatable levels by time:
     D:2: 1202 daAuts
     D:1: 639 daAuts
     D:3: 98 daAuts
     D:6: 51 daAuts
